 Dungeon Crawl Stone Soup version 0.31-a0-1570-g93c622d222 (webtiles) character file.

Game seed: 8830057640887083971

0 innerfire43 the Charlatan (level 1, 0/13 HPs)
             Began as a Demonspawn Wanderer on Jan 3, 2024.
             Slain by a goblin
             ... wielding a +0 dagger
              (4 damage)
             ... on level 1 of the Dungeon.
             The game lasted 00:00:33 (34 turns).

innerfire43 the Charlatan (Demonspawn Wanderer)       Turns: 34, Time: 00:00:34

Health: 0/13       AC:  0    Str: 14    XL:     1   Next: 8%
Magic:  1/2        EV: 11    Int: 11    God:
Gold:   0          SH:  0    Dex: 11    Spells: 1/2 levels left

rFire   . . .        a - +0 club
rCold   . . .        (no shield)
rNeg    . . .        (no body armour)
rPois   .            (no helmet)
rElec   .            (no cloak)
rCorr   .            (no gloves)
SInv    .            (no boots)
Will    .....        (no amulet)
Stlth   +            (no ring)
HPRegen 0.22/turn    (no ring)
MPRegen 0.08/turn

%: no passive effects
@: no status effects
A: no striking features
a: no special abilities


You were on level 1 of the Dungeon.
You visited 1 branch of the dungeon, and saw 1 of its levels.

Inventory:

Hand Weapons
 a - a +0 club (weapon)
Armour
 d - a +0 chain mail
Wands
 b - a wand of polymorph (3)
Potions
 c - a potion of attraction


   Skills:
 * Level 0.0 Fighting
 - Level 2.6 Armour
 + Level 1.0 Spellcasting
 + Level 1.7 Air Magic
 + Level 4.0 Evocations


You had one spell level left.
You knew the following spells:

 Your Spells              Type           Power      Damage    Failure   Level
a - Shock                 Conj/Air       8%         1d3       22%         1

Your spell library contained the following spells:

 Spells                   Type           Power      Damage    Failure   Level
 Mephitic Cloud           Conj/Alch/Air  1%         N/A       58%         3


Dungeon Overview and Level Annotations

Branches:
Dungeon (1/15)

Altars:


Message History

You see here a +2 helmet.
A bat, a kobold and a goblin come into view.
The kobold is wielding a +2 dagger of venom.
The kobold shouts!
The zap hits the goblin.
The goblin is heavily wounded.
The zap hits the bat.
The bat is severely wounded.
The bat closely misses you.
You are out of magic!
You are out of magic!
You are out of magic!
The goblin hits you with a +0 dagger.
You barely miss the bat.
The bat is severely wounded.
The bat barely misses you. The goblin closely misses you.
You miss the bat.
The bat is severely wounded.
The bat misses you. The bat barely misses you.
The goblin hits you with a +0 dagger.
You are too injured to fight recklessly!
You are too injured to fight recklessly!
You are too injured to fight recklessly!
The kobold misses you. The bat barely misses you.
You see here a +2 helmet.
You closely miss the bat.
The bat is moderately wounded.
The bat misses you. The kobold barely misses you.
You hit the kobold.
You kill the kobold!
The bat hits you. The goblin closely misses you.
You barely miss the goblin.
The goblin is moderately wounded.
The goblin hits you with a +0 dagger.
* * * LOW HITPOINT WARNING * * *
You barely miss the goblin.
The goblin is moderately wounded.
The goblin hits you with a +0 dagger.
You die...

.......#.........
.......#.........
#......#.$.......
#####.............
##~~~##............
##≈≈P~~##....g.##..
##~~~.~≈~#####.##
#≈~P.8.P~≈###..###
#≈~.....~≈#...bg@#
8~.......~8#..##.#
+.P8.<.8P.'...##...
8~.......~8......###
#≈≈.....≈~#........
#≈≈P.8.P~≈#..#......
##≈≈~.~~≈##.........
##≈≈P~≈##..........
##≈≈~## .#.#......


You could see a goblin and a bat.

Vanquished Creatures
  A kobold (D:1)
1 creature vanquished.

Notes
Turn   | Place    | Note
-------+----------+-------------------------------------------
     0 | D:1      | innerfire43 the Demonspawn Wanderer began the quest for the
                  | Orb.
     0 | D:1      | innerfire43 set off with the following items: a +0 club, a
                  | wand of polymorph (3), a potion of attraction, a +0 chain
                  | mail; and the following spell memorised: Shock; and the
                  | following spells available to memorise: Mephitic Cloud.
     0 | D:1      | Reached XP level 1. HP: 13/13 MP: 2/2
    34 | D:1      | Slain by a goblin

Illustrated notes

Levels and vault maps discovered:
D:1:      lightli_arrival_statuegarden, layout_rooms

Action                     || total
---------------------------++-------
  Melee: Club              ||     6
   Cast: Shock             ||     2
 Armour: Skin              ||     5
  Dodge: Dodged            ||    10

Table legend: (Time is in decaauts)
 A = Elapsed time spent in this place.
 B = Non-inter-level travel time spent in this place.
 C = Inter-level travel time spent in this place.
 D = Time resting spent in this place.
 E = Time spent auto-exploring this place.
 F = Levels seen in this place.
 G = Mean time per level.
                   A        B        C        D        E       F      G
               +--------+--------+--------+--------+--------+-----+--------+
         Total |     35 |     35 |      0 |      0 |     13 |   1 |   35.0 |
       Dungeon |     35 |     35 |      0 |      0 |     13 |   1 |   35.0 |
               +--------+--------+--------+--------+--------+-----+--------+

Top non-repeatable levels by time:
     D:1: 35 daAuts
